 Dungeon Crawl Stone Soup version 0.17.1-3-g152610e (webtiles) character file.

129 manyhoops the Skirmisher (level 4, 0/37 HPs)
             Began as a Demonspawn Fighter on Apr 5, 2016.
             Was an Initiate of Gozag.
             Slain by an adder (2 damage)
             ... on level 3 of the Dungeon.
             The game lasted 00:07:14 (2139 turns).

manyhoops the Skirmisher (Demonspawn Fighter)       Turns: 2139, Time: 00:07:14

Health: 0/37       AC:  7    Str: 17    XL:     4   Next: 88%
Magic:  0/4        EV:  6    Int:  9    God:    Gozag
Gold:   55         SH:  8    Dex: 13    Spells: 0 memorised, 3 levels left

rFire  . . .     SeeInvis .     a - +0 war axe
rCold  . . .     Clarity  .     b - +0 scale mail
rNeg   . . .     SustAt   .     c - +0 shield
rPois  .         Gourm    .     (no helmet)
rElec  .         Spirit   +     (no cloak)
rCorr  .         Warding  .     (no gloves)
rMut   .         Stasis   +     (no boots)
MR     .....                    i - amulet of stasis
Stlth  ..........               (no ring)
                                (no ring)

@: lethally poisoned (0 -> -4), not resistant to hostile enchantments, extremely
unstealthy
A: hooves 2, magic shield
a: Potion Petition, Call Merchant, Bribe Branch, Renounce Religion


You were on level 3 of the Dungeon.
You worshipped Gozag.
Gozag was noncommittal.
You were near starving.

You visited 1 branch of the dungeon, and saw 3 of its levels.

You collected 87 gold pieces.
You paid 32 gold pieces to Gozag.

Inventory:

Hand Weapons
 a - a +0 war axe (weapon)
Armour
 b - a +0 scale mail (worn)
 c - a +0 shield (worn)
Jewellery
 i - an amulet of stasis (around neck)
Scrolls
 g - a scroll of teleportation
 l - a scroll of random uselessness
Potions
 d - a potion of might
 f - a potion of curing
 h - a potion of heal wounds
 k - 2 potions of poison
 n - a potion of haste {unknown}
Comestibles
 e - 2 bread rations
 j - 2 beef jerkies
 m - a meat ration
 o - 2 fruits


   Skills:
 + Level 4.0 Fighting
 + Level 2.8 Axes
 + Level 3.8 Armour
 - Level 2.7 Shields


You had 3 spell levels left.
You didn't know any spells.

Dungeon Overview and Level Annotations

Branches:
Dungeon (3/15)

Altars:
Ashenzari
Gozag
Kikubaaqudgha
Ru
The Shining One


Innate Abilities, Weirdness & Mutations

You have hoof-like feet.
When hurt, damage is shared between your health and your magic reserves.


Message History

You block the adder's attack. The adder bites you but does no damage.
You feel sick. The adder bites you but does no damage.
The adder bites you but does no damage. The adder bites you.
* * * LOW HITPOINT WARNING * * *
The adder bites you but does no damage. The adder closely misses you.
You feel sick.
You are no longer poisoned.
You block the adder's attack. The adder bites you.
* * * LOW HITPOINT WARNING * * *
You are lethally poisoned!
The adder poisons you!
* * * LOW HITPOINT WARNING * * *
You feel sick. You block the adder's attack.
* * * LOW HITPOINT WARNING * * *
You feel sick. The adder completely misses you.
The adder bites you but does no damage. The adder bites you.
You die...
Your body crumbles into a pile of gold.

#..........)#.#....###
#...........#......#..
#......%....#>#.#..#.#
+...........#.#.#..#.#
#...........#.#.#..#.#
+...........#....#...#
#...........######.###
+.....................
#...S@.....#######.###
#.............. ##'###
$ ##############.
#...^# #..... #....#
#....# #..... #.....
#. #.....


You could see an adder.

Vanquished Creatures
  Jessica (D:3)
  6 adders
  A giant gecko (D:2)
  An orc (D:3)
  3 giant cockroaches
  5 goblins
  6 hobgoblins
  2 jackals (D:1)
  2 ball pythons (D:2)
  6 bats
  7 kobolds
  5 rats
45 creatures vanquished.

Notes
Turn   | Place    | Note
--------------------------------------------------------------
     0 | D:1      | manyhoops the Demonspawn Fighter began the quest for the Orb.
     0 | D:1      | Reached XP level 1. HP: 18/18 MP: 1/1
   126 | D:1      | Gained mutation: You have large cloven feet. [demonic ancestry]
   126 | D:1      | Reached XP level 2. HP: 6/24 MP: 2/2
   759 | D:2      | Found a sacrificial altar of Ru.
   796 | D:2      | Gained mutation: You have hoof-like feet. [demonic ancestry]
   796 | D:2      | Reached XP level 3. HP: 25/29 MP: 3/3
   811 | D:2      | Became a worshipper of Ru the Awakened
  1505 | D:2      | Gained mutation: When hurt, damage is shared between your health and your magic reserves. [demonic ancestry]
  1505 | D:2      | Reached XP level 4. HP: 28/37 MP: 4/4
  1567 | D:2      | Found a glowing golden altar of the Shining One.
  1581 | D:2      | Fell from the grace of Ru
  1751 | D:3      | Found an ancient bone altar of Kikubaaqudgha.
  1751 | D:3      | Found a shattered altar of Ashenzari.
  1751 | D:3      | Found an opulent altar of Gozag.
  1802 | D:3      | Became a worshipper of Gozag Ym Sagoz the Greedy
  1880 | D:3      | Noticed Jessica
  1891 | D:3      | Killed Jessica
  1891 | D:3      | Reached skill level 4 in Fighting
  2139 | D:3      | Slain by an adder

Action                   |  1- 3 |  4- 6 || total
-------------------------+-------+-------++-------
Melee: War axe           |   130 |    42 ||   172
Invok: Potion Petition   |       |     1 ||     1
       Renounce Religion |       |     1 ||     1
  Use: Potion            |     1 |       ||     1
       Scroll            |       |     3 ||     3
 Stab: Invisible         |       |     1 ||     1
  Eat: Fruit             |     3 |       ||     3
